Map: [ESL] Berlingrad

Players

Cyan - Winner!

  • Race: Protoss Protoss

Has

  • Race: Protoss Protoss
  • League: Diamond

Event: IEM Katowice 2022

VOD

Have the link to the VOD?

Description

Time

  • Played on: Feb. 23, 2022, 5:24 a.m.
  • Length: 5:40

All games in this series

Show
View Real Time Build Order
Export as new Build Order

Cyan Protoss - Winner!

Build Orders:  

Get SALT Encoding   

  12  0:00  Probe  
  13  0:12  Probe  
  14  0:17  Pylon  
  14  0:24  Probe (Chrono Boost)  
  15  0:36  Probe (Chrono Boost)  
  15  0:38  Gateway  
  16  0:44  Probe (Chrono Boost)  
  16  0:46  Assimilator  
  17  0:51  Probe  
  17  0:54  Assimilator  
  18  1:03  Probe  
  20  1:23  Zealot (Chrono Boost)  
  22  1:29  Pylon  
  21  1:41  Zealot  
  23  2:01  Probe  
  20  2:25  Cybernetics Core  
  20  2:32  Probe  
  21  2:42  Zealot (Chrono Boost)  
  23  2:44  Probe  
  24  2:56  Probe  
  25  3:06  Adept (Chrono Boost)  
  25  3:08  Probe  
  28  3:14  Warp Gate  
  28  3:19  Pylon  
  28  3:22  Probe  
  29  3:27  Adept (Chrono Boost)  
  31  3:38  Probe  
  32  3:46  Stargate  
  32  3:52  Probe  
  33  4:16  Nexus  
  33  4:21  Void Ray (Chrono Boost)  
  33  4:24  Shield Battery  
  35  4:44  Shield Battery  
  33  4:47  Pylon  
  33  4:51  Void Ray (Chrono Boost)  
  33  5:04  Stalker  
  35  5:07  Probe  
  36  5:15  Shield Battery  
  36  5:28  Probe  
  37  5:32  Stalker  
Show
View Real Time Build Order
Export as new Build Order

Has Protoss 

Build Orders:  

Get SALT Encoding   

  12  0:00  Probe  
  13  0:12  Probe  
  14  0:16  Pylon  
  14  0:24  Probe  
  15  0:34  Forge  
  15  0:58  Pylon  
  15  0:59  Pylon  
  15  1:00  Pylon  
  15  1:01  Pylon  
  15  1:10  Pylon  
  16  1:16  Pylon  
  15  1:28  Photon Cannon  
  15  1:35  Gateway  
  16  1:48  Pylon  
  16  1:53  Probe (Chrono Boost)  
  15  2:04  Probe (Chrono Boost)  
  16  2:09  Probe (Chrono Boost)  
  17  2:17  Assimilator  
  17  2:19  Probe (Chrono Boost)  
  20  2:27  Probe (Chrono Boost)  
  20  2:29  Pylon  
  21  2:33  Probe  
  21  2:39  Pylon  
  21  2:47  Pylon  
  21  2:49  Pylon  
  21  2:51  Pylon  
  21  2:52  Probe (Chrono Boost)  
  20  3:02  Cybernetics Core, Assimilator  
  20  3:03  Probe (Chrono Boost)  
  21  3:08  Probe (Chrono Boost)  
  21  3:12  Photon Cannon  
  21  3:13  Gateway  
  21  3:18  Probe  
  22  3:24  Pylon  
  22  3:30  Probe  
  23  3:36  Pylon  
  23  3:40  Warp Gate  
  23  3:46  Shield Battery  
  23  3:54  Stargate  
  23  3:58  Probe  
  24  4:04  Adept (Chrono Boost)  
  23  4:29  Probe  
  21  4:41  Probe  
  16  4:53  Probe  
  17  5:01  Oracle (Chrono Boost)  
  20  5:08  Probe  
  21  5:20  Probe  
  20  5:33  Adept  

Tags
 
Add a new tag
Caveats
  • Supply blocks, unpowered buildings, or Contaminate may cause inaccurate times.
  • Supply counts are checked every 10 seconds.